 Dungeon Crawl Stone Soup version 0.31-a0-543-geaa9c7a2c0 (webtiles) character file.

Game seed: 1324605040274576419

624 Ijustatesigmund the Stinger (level 7, 0/45 HPs)
             Began as an Octopode Venom Mage on Aug 15, 2023.
             Slain by an orc
             ... wielding a +0 short sword
              (6 damage)
             ... on level 4 of the Dungeon.
             The game lasted 00:10:55 (4774 turns).

Ijustatesigmund the Stinger (Octopode Venom Mage)   Turns: 4774, Time: 00:10:56

Health: 0/45       AC:  1    Str: 12    XL:     7   Next: 47%
Magic:  12/12      EV: 14    Int: 20    God:
Gold:   101        SH:  0    Dex: 12    Spells: 3/13 levels left

rFire   . . .        o - +4 trident of Charity {flame, Str+5 Stlth+}
rCold   . . .        (no shield)
rNeg    . . .        (helmet restricted)
rPois   .            (no amulet)
rElec   .            (no ring)
rCorr   .            (no ring)
SInv    .            (no ring)
Will    .....        (no ring)
Stlth   ++++         (no ring)
HPRegen 0.27/turn    (no ring)
MPRegen 0.13/turn    (no ring)
                     (no ring)

%: no passive effects
@: no status effects
A: almost no armour, amphibious, 8 rings, camouflage 1, gelatinous body 1,
(nimble swimmer 1), tentacles
a: no special abilities


You were on level 4 of the Dungeon.
You visited 1 branch of the dungeon, and saw 4 of its levels.

You collected 339 gold pieces.
You spent 238 gold pieces at shops.

Inventory:

Hand Weapons
 b - a +3 spear
 d - a +2 quarterstaff of chaos
 m - the +8 dagger of Change {venom, rC+ rCorr Str+2 Int-3}
   (You found it on level 2 of the Dungeon)

   Str+2:     It affects your strength (+2).
   Int-3:     It affects your intelligence (-3).
   rC+:       It protects you from cold.
   rCorr:     It protects you from acid and corrosion.
 o - the +4 trident of Charity (weapon) {flame, Str+5 Stlth+}
   (You bought it in a shop on level 4 of the Dungeon)

   Str+5:     It affects your strength (+5).
   Stlth+:    It makes you more stealthy.
Missiles
 i - a throwing net
Wands
 c - a wand of light (9)
 h - a wand of flame (16)
Scrolls
 e - a scroll of identify
 g - 2 scrolls of torment
 j - 2 scrolls of teleportation
 k - a scroll of blinking
 n - a scroll of enchant armour
 p - a scroll of amnesia {unknown}
Potions
 a - 2 potions of magic
 f - a potion of heal wounds {unknown}
 l - a potion of mutation
 q - a potion of might {unknown}


   Skills:
 - Level 2.0 Fighting
 + Level 0.0 Polearms
 - Level 3.4 Dodging
 - Level 2.6 Stealth
 + Level 3.8 Spellcasting
 + Level 2.7 Conjurations
 - Level 1.0 Transmutations
 + Level 2.8 Air Magic
 + Level 5.7 Poison Magic


You had 3 spell levels left.
You knew the following spells:

 Your Spells              Type           Power      Damage    Failure   Level
a - Sting                 Tmut/Pois      68%        1d6       3%          1
b - Poisonous Vapours     Pois/Air       42%        N/A       3%          2
c - Mephitic Cloud        Conj/Pois/Air  19%        N/A       9%          3
d - Olgreb's Toxic Radia  Pois           27%        N/A       12%         4

Your spell library contained the following spells:

 Spells                   Type           Power      Damage    Failure   Level
 Static Discharge         Conj/Air       30%        2-4/arc   6%          2
 Airstrike                Air            7%         2d(2-18)  38%         4
 Summon Lightning Spire   Summ/Air       9%         N/A       58%         4


Dungeon Overview and Level Annotations

Branches:
Dungeon (4/15)
 Temple: D:4-7

Altars:
Vehumet

Shops:
D:2 [   D:4 (


Innate Abilities, Weirdness & Mutations

You cannot wear most types of armour.
You are amphibious.
You can wear up to eight rings at the same time.
Your skin changes colour to match your surroundings (Stealth+).
Your rubbery body absorbs attacks. (AC +1, EV +1)
((You are camouflaged when in or above water. (Stealth+)))
You have tentacles for arms and can constrict up to eight enemies at once.


Message History

The orc hits you with a +0 mace.
You hit the orc. You burn the orc.
You kill the orc!
The orc closely misses you. x2
You puncture the orc! You burn the orc.
You kill the orc!
No target in view!
No target in view!
No target in view!
g - 2 scrolls of torment (gained 1)
Items here: )) [[ †.
An orc comes into view. It is wielding a +0 short sword.
An orc comes into view. It is wielding a +0 hand axe.
The orc shouts!
An orc priest comes into view. It is wielding a +0 short sword.
You closely miss the orc.
The orc priest shouts!
Your grab misses the orc. The orc hits you with a +0 short sword.
You barely miss the orc. Your grab misses the orc. Your squeeze misses the orc.
The orc priest mumbles some strange prayers to Beogh against you.
Beogh smites you!
You barely miss the orc. Your grab misses the orc. Your squeeze misses the orc.
The orc hits you with a +0 hand axe. The orc closely misses you.
You barely miss the orc. You grab the orc. You constrict the orc.
The orc closely misses you. The orc hits you with a +0 short sword.
You hit the orc. You burn the orc. You squeeze the orc.
You kill the orc!
The orc priest hits you with a +0 short sword.
The orc misses you.
You barely miss the orc priest. You grab the orc priest.
You constrict the orc priest. The orc priest closely misses you.
The orc hits you with a +0 short sword.
The orc priest calls down the wrath of Beogh upon you.
Beogh smites you!
* * * LOW HITPOINT WARNING * * *
The orc hits you with a +0 short sword.
* * * LOW HITPOINT WARNING * * *
You release your grip on the orc priest.
The orc attacks as you move away! The orc hits you with a +0 short sword.
You die...

### #.. # #.#
#### #.# ....
####.######
###..
#..o)o....#
##.... #.##@#
## .#....
#.##.#
#.###...#.
##.##.# #
###.#... ##
#.....#
#.#......####
#..####
.............
#..#
#.#..........
#..# # #.#
#........
#))####.##.#
#........
#).........#
##....###


You could see an orc priest and an orc.

Vanquished Creatures
  Sigmund (D:4)
  An ogre (D:4)
  Crazy Yiuf (D:4)
  A hound (D:4)
  A sleepcap (D:4)
  Natasha (D:3)
  An iguana (D:3)
  5 orc wizards
  3 adders
  An ufetubus (D:3)
  2 worms
  2 dart slugs
  11 orcs
  8 bats
  5 endoplasms
  A giant cockroach (D:3)
  8 goblins
  4 hobgoblins
  3 jackals
  9 quokkas
  8 ball pythons
  5 frilled lizards
  4 kobolds
  7 rats
93 creatures vanquished.

Notes
Turn   | Place    | Note
-------+----------+-------------------------------------------
     0 | D:1      | Ijustatesigmund the Octopode Venom Mage began the quest for
                  | the Orb.
     0 | D:1      | Reached XP level 1. HP: 11/11 MP: 3/3
   240 | D:2      | Reached XP level 2. HP: 3/18 MP: 5/5
   406 | D:2      | Learned a level 2 spell: Poisonous Vapours
   473 | D:1      | Reached skill level 1 in Fighting
   519 | D:1      | Reached skill level 4 in Poison Magic
   826 | D:1      | Reached XP level 3. HP: 23/23 MP: 3/6
  1425 | D:2      | Found a faded altar of an unknown god.
  1612 | D:2      | Reached XP level 4. HP: 29/29 MP: 6/8
  1639 | D:2      | Found Zarih's Armour Emporium.
  1690 | D:2      | Identified the +8 dagger of Change {venom, rC+ rCorr Str+2
                  | Int-3}
  1949 | D:3      | Learned a level 3 spell: Mephitic Cloud
  2450 | D:3      | Reached XP level 5. HP: 34/34 MP: 5/9
  2688 | D:3      | Noticed Natasha
  2692 | D:3      | Reached skill level 1 in Conjurations
  2709 | D:3      | Killed Natasha
  2710 | D:3      | Reached skill level 1 in Air Magic
  3676 | D:4      | Reached skill level 5 in Poison Magic
  3676 | D:4      | Reached XP level 6. HP: 18/39 MP: 7/10
  3875 | D:4      | Found a runed translucent door.
  3876 | D:4      | Noticed Crazy Yiuf
  3886 | D:4      | Killed Crazy Yiuf
  4114 | D:4      | Reached XP level 7. HP: 45/45 MP: 3/12
  4218 | D:4      | Learned a level 4 spell: Olgreb's Toxic Radiance
  4275 | D:4      | Found a radiant altar of Vehumet.
  4297 | D:4      | Noticed Sigmund
  4305 | D:4      | Killed Sigmund
  4354 | D:4      | Found Sari Hom Enk's Antique Weapon Shop.
  4363 | D:4      | Bought a buzzing trident for 238 gold pieces
  4363 | D:4      | Identified the +4 trident of Charity {flame, Str+5 Stlth+}
                  | (You bought it in a shop on level 4 of the Dungeon)
  4774 | D:4      | Slain by an orc

Illustrated notes

Levels and vault maps discovered:
D:1:      dpeg_arrival_rhombi, layout_basic, chequers_serial_rivers_micro_e
D:2:      layout_basic, ebering_ecumenical_altar_hall, serial_shops,
          nicolae_shop_rolling_square, minivault_14
D:3:      layout_loops_corners, minivault_5, minmay_box_of_dots, uniq_natasha
D:4:      layout_loops_ring, mainiacjoe_overflow_chevrons, serial_glass,
          glass_columns_a, glass_columns_a, serial_shops, shop, st_stairs_14,
          minmay_a_box_with_orc_wizards_in_it, uniq_sigmund,
          uniq_crazy_yiuf_cottage

Skill      XL: |  1  2  3  4  5  6 |
---------------+-------------------+-----
Fighting       | 1 2 |  2.0
Poison Magic   | 4 5 |  5.7
Spellcasting   | 3 |  3.8
Conjurations   | 1 2 |  2.7
Air Magic      | 1 2 |  2.8
Dodging        | 3 |  3.4
Stealth        | |  2.6
Transmutations | |  1.0

Action                     |  1- 3 |  4- 6 |  7- 9 || total
---------------------------+-------+-------+-------++-------
  Melee: Spear             |    69 |    85 |    22 ||   176
         Constrict         |    13 |    19 |     9 ||    41
         Tentacles         |     8 |    13 |     5 ||    26
         Unarmed           |     2 |       |       ||     2
         Trident           |       |       |    19 ||    19
   Cast: Poisonous Vapours |    27 |    24 |     5 ||    56
         Sting             |     5 |    14 |       ||    19
         Mephitic Cloud    |       |     1 |     1 ||     2
    Use: Scroll            |       |    12 |       ||    12
         Potion            |       |     3 |       ||     3
   Stab: Sleeping          |     2 |     2 |     3 ||     7
         Distracted        |       |       |     1 ||     1
 Armour: Skin              |    10 |     5 |       ||    15
  Dodge: Dodged            |    22 |    43 |    12 ||    77

Table legend: (Time is in decaauts)
 A = Elapsed time spent in this place.
 B = Non-inter-level travel time spent in this place.
 C = Inter-level travel time spent in this place.
 D = Time resting spent in this place.
 E = Time spent auto-exploring this place.
 F = Levels seen in this place.
 G = Mean time per level.
                   A        B        C        D        E       F      G
               +--------+--------+--------+--------+--------+-----+--------+
         Total |   4805 |   4723 |     82 |    881 |   3200 |   4 | 1201.2 |
       Dungeon |   4805 |   4723 |     82 |    881 |   3200 |   4 | 1201.2 |
               +--------+--------+--------+--------+--------+-----+--------+

Top non-repeatable levels by time:
     D:3: 1423 daAuts
     D:4: 1369 daAuts
     D:2: 1024 daAuts
     D:1: 988 daAuts
